 Dungeon Crawl Stone Soup version 0.21.0-24-g2553a3340b (webtiles) character file.

113977 Pixllover the Severer (level 16, -1/149 HPs)
             Began as a Minotaur Berserker on Jan 20, 2018.
             Was the Champion of Trog.
             Killed from afar by a catoblepas (3 damage)
             ... with a blast of calcifying dust
             ... led by Polyphemus
             ... on level 2 of the Shoals on Jan 21, 2018.
             The game lasted 01:33:09 (24560 turns).

Pixllover the Severer (Minotaur Berserker)         Turns: 24560, Time: 01:33:10

Health: -1/149     AC: 27    Str: 33    XL:     16   Next: 15%
Magic:  24/24      EV:  2    Int:  4    God:    Trog [******]
Gold:   1706       SH:  0    Dex: 13    Spells: 15/15 levels left

rFire    . . .     SeeInvis +   Y - +9 great mace (distort)
rCold    . . .     Gourm    .   (shield currently unavailable)
rNeg     + + +     Faith    .   o - +9 scale mail of Orthodoxy {+Fly MP+9 Dex+2}
rPois    ∞         Spirit   .   (helmet unavailable)
rElec    .         Reflect  .   E - +2 cloak {MR+}
rCorr    .         Harm     .   r - +1 pair of gloves
MR       ++++.                  g - +1 pair of boots
Stlth    +.........             (no amulet)
HPRegen  1.34/turn              I - ring of see invisible
MPRegen  0.19/turn              e - +3 ring of strength

@: petrified, mesmerised, regenerating, very slow
A: retaliatory headbutt, claws 1, horns 3, talons 1, strong 1
a: Berserk, Trog's Hand, Brothers in Arms, Burn Spellbooks, Renounce Religion,
Evoke Flight


You were on level 2 of the Shoals.
You worshipped Trog.
Trog was exalted by your worship.
You were not hungry.

You visited 5 branches of the dungeon, and saw 25 of its levels.
You also visited: Sewer.

You collected 2007 gold pieces.
You spent 301 gold pieces at shops.

Inventory:

Hand Weapons
 Y - a +9 great mace of distortion (weapon)
Missiles
 h - 7 poisoned tomahawks (quivered)
 B - 8 javelins of penetration
 H - 19 javelins
 U - 9 needles of sleeping
Armour
 g - a +1 pair of boots (worn)
 o - the +9 scale mail of Orthodoxy (worn) {+Fly MP+9 Dex+2}
   (You found it on level 12 of the Dungeon)

   It affects your dexterity (+2).
   It affects your magic capacity (+9).
   It lets you fly.
 r - a +1 pair of gloves (worn)
 E - a +2 cloak of magic resistance (worn)
 G - a +2 hat
Jewellery
 e - a +3 ring of strength (right hand)
 s - a +2 ring of slaying
 y - an uncursed ring of magical power
 I - a ring of see invisible (left hand)
Wands
 b - a wand of disintegration (76)
 f - a wand of iceblast (17)
 k - a wand of digging (60)
 u - a wand of polymorph (4)
 A - a wand of random effects (13)
 K - a wand of scattershot (8)
 M - a wand of acid (10)
 N - a wand of flame (50)
 O - a wand of clouds (4)
Scrolls
 a - 3 scrolls of fog
 l - a scroll of immolation
 m - 10 scrolls of teleportation
 t - 10 scrolls of identify
 z - 5 scrolls of remove curse
 F - 3 scrolls of magic mapping
 J - a scroll of enchant armour
 L - a scroll of brand weapon
 S - a scroll of enchant weapon
Potions
 d - 12 potions of curing
 i - 4 potions of flight
 n - 2 potions of haste
 q - 7 potions of heal wounds
 v - 6 potions of agility
 x - a potion of berserk rage
 D - 3 potions of brilliance
 P - a potion of cancellation
 Q - a potion of might
 R - 2 potions of ambrosia
 V - a potion of resistance
Miscellaneous
 p - a lightning rod (4/4)
 w - a box of beasts
 C - a phantom mirror
 T - a fan of gales
Comestibles
 c - 35 rations
 j - 5 chunks of flesh


   Skills:
 + Level 15.4 Fighting
   Level 18.1(20.6) Axes
 - Level 17.0(20.0) Maces & Flails
   Level 4.8(13.1) Polearms
 - Level 1.0 Throwing
 + Level 12.9 Armour
 + Level 9.7 Dodging
 + Level 3.2 Stealth
 + Level 0.1 Evocations


You had 15 spell levels left.
You didn't know any spells.

Dungeon Overview and Level Annotations

Branches:
Dungeon (15/15)            Temple (1/1) D:4            Lair (6/6) D:8
 Shoals (2/4) Lair:3       Spider (1/4) Lair:4        Slime (0/5) Lair:5
    Orc (0/2) D:10         Vaults (0/5) D:14         Depths (0/5) D:15

Altars:
Ashenzari
Cheibriados
Dithmenos
Elyvilon
Fedhas
Gozag
Hepliaklqana
Kikubaaqudgha
Makhleb
Nemelex Xobeh
Okawaru
Qazlal
Ru
Sif Muna
Trog
Uskayaw
Vehumet
Wu Jian
Xom
Yredelemnul
Zin
The Shining One

Shops:
D:7 (   D:9 [

Portals:
Hell: Lair:6

Annotations:
Lair:2 exclusion: 2 oklob plants
Shoals:2 Polyphemus
Abyss:1 Azrael, Rupert


Innate Abilities, Weirdness & Mutations

You reflexively headbutt those who attack you in melee.
You have a pair of large horns on your head.
You have sharp fingernails.
You have sharp toenails.
Your muscles are strong. (Str +2)


Message History

* * * LOW HITPOINT WARNING * * *
The merfolk burns you.
* * * LOW HITPOINT WARNING * * *
The merfolk avatar chants its luring song.
The catoblepas gores you.
* * * LOW HITPOINT WARNING * * *
The merfolk hits you but does no damage.
Polyphemus hits you but does no damage. x2
The merfolk avatar chants its luring song.
The fire bat bites your stone giant but does no damage. x2
The merfolk hits you but does no damage.
Your stone giant hits the fire bat!!
The merfolk avatar chants its luring song.
Polyphemus hits you!!
* * * LOW HITPOINT WARNING * * *
Polyphemus hits you but does no damage. The fire bat bites your stone giant.
Your stone giant is engulfed in flames!
The catoblepas breathes a plume of calcifying dust at you.
The blast of calcifying dust hits you!
You die...

... #.[≈≈
≈.......≈#...≈≈≈≈...
≈..$....≈#...≈≈≈≈...
≈≈......≈.##.(≈≈..#
≈≈≈.....≈≈........
≈≈≈≈....≈≈.#.#..#
≈≈≈≈≈≈≈≈.....≈≈..#m.# ≈
≈≈≈≈≈≈≈≈≈....≈≈YYC##.≈≈≈
≈≈≈≈≈≈≈≈≈≈≈≈≈≈mC@Yb≈≈≈≈≈
≈≈≈≈≈≈≈≈≈≈≈≈≈m≈≈≈..≈≈...
≈≈≈≈≈≈≈≈≈≈≈≈≈≈≈≈Y≈./≈...
≈≈≈≈...≈≈≈≈≈≈≈≈≈P≈P≈≈...
≈≈≈≈≈.≈≈≈≈≈≈≈≈cm≈P≈≈≈...
≈≈≈....≈≈≈≈≈≈≈≈≈≈≈P≈[≈≈≈
≈≈(.....≈...≈≈≈PP≈≈....≈
..###....##.≈≈≈PP≈P....≈
..# #....#..≈PP≈P≈≈.


You could see Polyphemus, 2 merfolk avatars, 3 death yaks, a catoblepas, 2
merfolk, a fire bat, a centaur and a friendly stone giant (berserk).

Vanquished Creatures
  Gastronok (Lair:3)
  Kirke (D:15)
  A stone giant (D:14)
  A dire elephant (Lair:6)
  An ettin (D:14)
  Josephine (D:10)
  A deep elf high priest (D:14)
  A vault guard (D:14)
  8 hydras
  5 centaur warriors
  Fannar (Lair:2)
  A death knight (D:14)
  6 two-headed ogres
  Urug (Lair:2)
  A tengu warrior (D:15)
  A vampire mage (D:15)
  2 deep troll earth magi (D:14)
  Sonja (Lair:1)
  Nergalle (D:10)
  A sixfirhy (Lair:6)
  2 sea snakes (Shoals:1)
  A fire crab (Shoals:2)
  2 skeletal warriors (D:15)
  A spark wasp zombie (D:15)
  3 wizards
  3 unseen horrors
  An orc knight (D:14)
  A lindwurm (Lair:6)
  5 harpies (Shoals:1)
  Pikel (D:8)
  3 necromancers
  An orb spider (Spider:1)
  3 deep elf magi
  15 fauns
  14 ugly things
  2 manticores
  A wolf spider (Spider:1)
  A frost giant zombie (D:15)
  2 cyclopes (D:14)
  14 elephants
  Joseph (D:8)
  2 centaur zombies
  A black mamba (shapeshifter) (D:15)
  A smoke demon (Lair:6)
  5 merfolk sirens
  3 orange demons (Lair:6)
  2 centaur skeletons
  A gargoyle (D:14)
  15 spiny frogs
  4 rime drakes
  4 yaktaurs
  A kobold demonologist (D:13)
  6 komodo dragons
  A red devil (Lair:6)
  A komodo dragon (shapeshifter) (D:14)
  2 ice devils (Lair:6)
  A wind drake (Shoals:1)
  A yaktaur skeleton (D:15)
  5 merfolk (Shoals:1)
  A queen bee (Lair:3)
  4 jumping spiders
  2 hornets
  A polar bear (Lair:6)
  The ghost of SnubMonkey the Archer, an amateur CeHu (D:4)
  5 tengu conjurers
  3 meliai (D:15)
  A dream sheep (Lair:6)
  3 blink frogs (Lair:4)
  A meliai zombie (D:13)
  8 slime creatures
  2 snapping turtles
  13 hippogriffs
  A centaur simulacrum (D:14)
  A shadow (D:15)
  4 wyverns
  A vampire (D:14)
  7 redbacks
  17 humans (D:14)
  2 water elementals (D:13)
  4 wraiths (D:10)
  33 yaks
  A tarantella (shapeshifter) (D:15)
  A fire elemental (D:15)
  3 hogs (D:15)
  A fire bat (Shoals:2)
  3 basilisks
  2 vampire mosquitoes (D:14)
  3 acid dragons
  14 water moccasins
  A meliai simulacrum (D:14)
  4 porcupines
  7 hell hounds
  4 orc warriors
  3 ice beasts
  A sky beast (D:7)
  A phantom (D:4)
  2 eyes of draining
  4 boggarts (D:14)
  A necrophage (D:14)
  11 wolves
  3 ogres
  15 centaurs
  11 crocodiles
  Blork the orc (D:6)
  9 big kobolds
  22 bullfrogs
  A wyvern skeleton (D:11)
  5 scorpions
  36 killer bees
  2 howler monkeys
  3 electric eels
  A bullfrog zombie (D:4)
  6 crimson imps
  A quasit (D:9)
  7 jellies
  8 orc priests
  9 hounds
  A bullfrog skeleton (D:10)
  4 iguanas
  12 orc wizards
  12 worker ants
  A hound zombie (D:9)
  Robin (D:2)
  2 worker ant zombies
  A howler monkey skeleton (D:9)
  A howler monkey zombie (D:8)
  12 adders
  3 river rats (Sewer)
  4 shadow imps
  3 oozes
  2 adder skeletons
  6 worms
  A dart slug (D:3)
  6 leopard geckos
  37 orcs
  5 ball pythons
  A giant cockroach (D:3)
  11 goblins
  8 hobgoblins
  17 jackals
  7 quokkas
  7 bats
  8 frilled lizards
  A giant cockroach zombie (D:6)
  A jackal skeleton (D:4)
  A jackal zombie (D:6)
  38 kobolds
  A quokka skeleton (D:10)
  27 rats
  A bush (Lair:4)
  20 fungi
  10 plants
765 creatures vanquished.

Vanquished Creatures (collateral kills)
  A death yak (Shoals:2)
1 creature vanquished.

Vanquished Creatures (others)
  A sphinx (D:14)
  A merfolk impaler (Shoals:1)
  2 centaur warriors
  An unseen horror (D:12)
  A deep elf mage (D:15)
  Maurice (D:8)
  A yaktaur (D:15)
  A kobold demonologist (D:13)
  A merfolk (Shoals:2)
  A wind drake (Shoals:1)
  A hippogriff (D:12)
  A fire elemental (D:15)
  A hog (D:15)
  2 humans (D:14)
  A hell hound (D:15)
  A slave (D:8)
  An ogre (D:8)
  A scorpion (D:8)
  A centaur zombie (D:8)
  An orc priest (D:8)
  An orc wizard (D:8)
  A kobold (D:10)
  19 fungi
  9 plants
  6 withered plants (D:15)
58 creatures vanquished.

Grand Total: 824 creatures vanquished

Notes
Turn   | Place    | Note
-------+----------+-------------------------------------------
     0 | D:1      | Pixllover the Minotaur Berserker began the quest for the Orb.
     0 | D:1      | Reached XP level 1. HP: 19/19 MP: 0/0
   551 | D:1      | Reached XP level 2. HP: 27/27 MP: 1/1
   815 | D:2      | Reached skill level 4 in Axes
  1118 | D:2      | Noticed Robin
  1120 | D:2      | Reached ** piety under Trog
  1122 | D:2      | Reached XP level 3. HP: 17/33 MP: 2/2
  1131 | D:2      | Killed Robin
  1725 | D:2      | Reached XP level 4. HP: 39/40 MP: 3/3
  2149 | D:3      | Reached skill level 5 in Axes
  2151 | D:3      | Reached XP level 5. HP: 19/47 MP: 4/4
  2427 | D:3      | Found a white marble altar of Elyvilon.
  2508 | D:3      | Reached skill level 6 in Axes
  2691 | D:3      | Reached *** piety under Trog
  2829 | D:4      | Noticed SnubMonkey's ghost (amateur CeHu)
  2839 | D:4      | Killed SnubMonkey's ghost
  2839 | D:4      | Reached skill level 5 in Fighting
  2839 | D:4      | Reached XP level 6. HP: 56/56 MP: 5/5
  2926 | D:4      | Reached skill level 1 in Polearms
  3006 | D:4      | Reached XP level 7. HP: 40/61 MP: 6/6
  3139 | D:4      | Got a warped tin ring
  3140 | D:4      | Identified the ring "Qiunops" {-Tele rPois rF++ Dex+8 Stlth-} (You found it on level 4 of the Dungeon)
  3323 | D:4      | Reached skill level 1 in Stealth
  3652 | D:4      | Found a staircase to the Ecumenical Temple.
  3661 | Temple   | Entered the Ecumenical Temple
  3983 | D:5      | Entered Level 5 of the Dungeon
  4015 | D:5      | Reached skill level 5 in Armour
  4160 | D:5      | Reached XP level 8. HP: 66/70 MP: 7/7
  4376 | D:5      | Reached skill level 5 in Dodging
  4408 | D:5      | Reached skill level 7 in Axes
  4809 | D:6      | Found a glowing drain.
  4843 | Sewer    | Entered a sewer
  4886 | Sewer    | Reached **** piety under Trog
  4989 | Sewer    | Got a smoking scale mail
  5000 | Sewer    | Identified the +2 scale mail of the Chupacabra {Regen+} (You found it in a sewer)
  5754 | D:6      | Noticed Blork the orc
  5759 | D:6      | Killed Blork the orc
  5875 | D:6      | Reached skill level 8 in Axes
  6114 | D:7      | Found Gukkycw's Weapon Shoppe.
  6165 | D:7      | Got an encrusted plate armour
  6176 | D:7      | Identified the cursed +1 plate armour "Ehaenoez" {+Inv rF- MR- Int+9} (You found it on level 7 of the Dungeon)
  6423 | D:7      | Reached skill level 9 in Axes
  6423 | D:7      | Reached XP level 9. HP: 72/78 MP: 8/8
  6463 | D:7      | Gained mutation: Your flesh is heat resistant. (rF+) [potion of mutation]
  6463 | D:7      | Gained mutation: You are resistant to hostile enchantments. (MR+) [potion of mutation]
  6463 | D:7      | Gained mutation: Your spells are a little harder to cast, but a little more powerful. [potion of mutation]
  6464 | D:7      | Lost mutation: Your spells are a little harder to cast, but a little more powerful. [potion of mutation]
  6464 | D:7      | Lost mutation: Your flesh is heat resistant. (rF+) [potion of mutation]
  6464 | D:7      | Lost mutation: You are resistant to hostile enchantments. (MR+) [potion of mutation]
  6464 | D:7      | Gained mutation: You do not regenerate when monsters are visible. [potion of mutation]
  6464 | D:7      | Gained mutation: Your flesh is heat resistant. (rF+) [potion of mutation]
  6464 | D:7      | Gained mutation: Your muscles are strong. (Str +2) [potion of mutation]
  6835 | D:7      | Found a snail-covered altar of Cheibriados.
  7292 | D:8      | Noticed Pikel
  7296 | D:8      | Killed Pikel
  7296 | D:8      | Reached skill level 10 in Axes
  7356 | D:8      | Reached ***** piety under Trog
  7356 | D:8      | Reached skill level 11 in Axes
  7377 | D:8      | Found a staircase to the Lair.
  7481 | D:8      | Noticed Maurice
  7482 | D:8      | Noticed Joseph
  7488 | D:8      | Killed Maurice
  7496 | D:8      | Killed Joseph
  7887 | D:9      | Reached XP level 10. HP: 86/88 MP: 9/9
  7939 | D:9      | Reached skill level 12 in Axes
  7960 | D:9      | Received a gift from Trog
  8016 | D:9      | Found Cuohio Agou's Armour Shop.
  8033 | D:9      | Bought a +2 cloak of magic resistance for 301 gold pieces
  8073 | D:9      | Found a stormy altar of Qazlal.
  8312 | D:9      | Reached skill level 1 in Maces & Flails
  8606 | D:10     | Entered Level 10 of the Dungeon
  8762 | D:10     | Noticed a two-headed ogre
  8764 | D:10     | Noticed a deep elf mage
  8767 | D:10     | Killed a two-headed ogre
  8767 | D:10     | Reached skill level 13 in Axes
  8771 | D:10     | Noticed Nergalle
  8775 | D:10     | Killed a deep elf mage
  8785 | D:10     | Killed Nergalle
  8785 | D:10     | Reached skill level 5 in Maces & Flails
  8868 | D:10     | Noticed Josephine
  8876 | D:10     | Killed Josephine
  8876 | D:10     | Reached XP level 11. HP: 94/95 MP: 10/10
  8975 | D:10     | Noticed a two-headed ogre
  8987 | D:10     | Killed a two-headed ogre
  9014 | D:10     | Noticed a two-headed ogre
  9025 | D:10     | Killed a two-headed ogre
  9245 | D:10     | Lost mutation: Your flesh is heat resistant. (rF+) [potion of mutation]
  9245 | D:10     | Lost mutation: You do not regenerate when monsters are visible. [potion of mutation]
  9245 | D:10     | Gained mutation: You have sharp fingernails. [potion of mutation]
  9245 | D:10     | Gained mutation: You have sharp toenails. [potion of mutation]
  9245 | D:10     | Gained mutation: You have a pair of large horns on your head. [potion of mutation]
  9297 | D:10     | Found a staircase to the Orcish Mines.
  9393 | Lair:1   | Entered Level 1 of the Lair of Beasts
  9568 | Lair:1   | Noticed a seven-headed hydra
  9582 | Lair:1   | Killed a seven-headed hydra
  9743 | Lair:1   | Noticed Sonja
  9750 | Lair:1   | Killed Sonja
 10310 | Lair:2   | Reached skill level 14 in Axes
 10429 | Lair:2   | Noticed an oklob plant
 10429 | Lair:2   | Noticed an oklob plant
 10546 | Lair:2   | Noticed Fannar
 10559 | Lair:2   | Killed Fannar
 10559 | Lair:2   | Reached skill level 10 in Maces & Flails
 10594 | Lair:2   | Noticed Urug
 10612 | Lair:2   | Killed Urug
 10612 | Lair:2   | Reached XP level 12. HP: 99/106 MP: 11/11
 11031 | Lair:3   | Noticed Gastronok
 11042 | Lair:3   | Killed Gastronok
 11042 | Lair:3   | Reached skill level 10 in Fighting
 11042 | Lair:3   | Reached skill level 1 in Throwing
 11064 | Lair:3   | Found a white marble altar of Elyvilon.
 11194 | Lair:3   | Received a gift from Trog
 11311 | Lair:3   | Found a staircase to the Shoals.
 12025 | Lair:4   | Received a gift from Trog
 12099 | Lair:4   | Found a hole to the Spider Nest.
 12187 | Lair:4   | Reached skill level 15 in Axes
 12311 | Lair:4   | Reached skill level 10 in Armour
 12888 | Lair:5   | Found a staircase to the Slime Pits.
 12892 | Lair:5   | Reached XP level 13. HP: 91/116 MP: 12/12
 14154 | Lair:6   | Entered Level 6 of the Lair of Beasts
 14402 | Lair:6   | Reached skill level 16 in Axes
 14815 | Lair:6   | Noticed a dire elephant
 14824 | Lair:6   | Killed a dire elephant
 14942 | Lair:6   | Found a burning altar of Makhleb.
 14963 | Lair:6   | HP: 4/117 [sixfirhy (12)]
 14975 | Lair:6   | Reached ****** piety under Trog
 14979 | Lair:6   | Reached skill level 17 in Axes
 15169 | Lair:6   | Found a gateway to Hell.
 15294 | Lair:6   | Reached XP level 14. HP: 92/126 MP: 13/13
 15299 | Lair:6   | Received a gift from Trog
 15498 | Lair:6   | Noticed Rupert
 15549 | Lair:6   | Banished Rupert
 16770 | D:11     | Got a steaming scale mail
 16781 | D:11     | Identified the +5 scale mail of Intercession {Dex+4} (You found it on level 11 of the Dungeon)
 17206 | D:12     | Got a jewelled scale mail
 17217 | D:12     | Identified the +9 scale mail of Orthodoxy {+Fly MP+9 Dex+2} (You found it on level 12 of the Dungeon)
 18070 | D:13     | Received a gift from Trog
 18166 | D:13     | Reached skill level 18 in Axes
 18830 | D:14     | Noticed a stone giant
 18836 | D:14     | Killed a stone giant
 19168 | D:14     | Found a shadowy altar of Dithmenos.
 19408 | D:14     | Found a gate to the Vaults.
 19416 | D:14     | Paralysed by a wizard for 2 turns
 19551 | D:14     | Found a sacrificial altar of Ru.
 19609 | D:14     | Received a gift from Trog
 19655 | D:14     | Found a blossoming altar of Fedhas.
 20001 | D:14     | Noticed a sphinx
 20008 | D:14     | Banished a sphinx
 20008 | D:14     | Reached skill level 15 in Maces & Flails
 20067 | D:14     | Reached XP level 15. HP: 100/136 MP: 14/14
 20120 | D:14     | Received a gift from Trog
 20121 | D:14     | Got an encrusted battleaxe {god gift}
 20122 | D:14     | Identified the +5 battleaxe "Taumauhe" {elec, +Rage} (Trog gifted it to you on level 14 of the Dungeon)
 20637 | D:15     | Entered Level 15 of the Dungeon
 20885 | D:15     | Found a radiant altar of Vehumet.
 21530 | D:15     | Noticed Kirke
 21557 | D:15     | Found a staircase to the Depths.
 21662 | D:15     | Killed Kirke
 21662 | D:15     | Received a gift from Trog
 22121 | D:15     | Noticed Azrael
 22128 | D:15     | Banished Azrael
 22696 | Spider:1 | Entered Level 1 of the Spider Nest
 23072 | Shoals:1 | Entered Level 1 of the Shoals
 23590 | Shoals:1 | Reached skill level 15 in Fighting
 23627 | Shoals:1 | Reached XP level 16. HP: 117/149 MP: 15/15
 24425 | Shoals:2 | Received a gift from Trog
 24544 | Shoals:2 | Noticed Polyphemus
 24560 | Shoals:2 | HP: 2/149 [Polyphemus (13)]
 24560 | Shoals:2 | Killed from afar by a catoblepas

Skill      XL: |  1  2  3  4  5  6  7  8  9 10 11 12 13 14 15 |
---------------+----------------------------------------------+-----
Axes           | 4 5 6 9 11 13 14 15 17 18 | 18.1
Fighting       | 4 5 6 7 8 9 11 12 13 15 | 15.4
Dodging        | 3 4 5 6 7 8 9 |  9.7
Armour         | 3 5 6 7 8 10 11 12 | 12.9
Polearms       | 2 3 4 |  4.8
Stealth        | 1 2 3 |  3.2
Maces & Flails | 6 10 12 15 17 | 17.0
Throwing       | 1 |  1.0
Evocations     | |  0.1

Action                   |  1- 3 |  4- 6 |  7- 9 | 10-12 | 13-15 | 16-18 || total
-------------------------+-------+-------+-------+-------+-------+-------++-------
Melee: Hand axe          |    87 |    57 |       |       |       |       ||   144
       Headbutt          |     9 |    19 |    80 |   144 |   198 |    13 ||   463
       Spear             |       |    22 |    87 |       |       |       ||   109
       War axe           |       |       |   143 |       |       |       ||   143
       Battleaxe         |       |       |    63 |    13 |   206 |       ||   282
       Dire flail        |       |       |       |   441 |    16 |       ||   457
       Great mace        |       |       |       |       |   597 |    56 ||   653
Throw: Tomahawk          |       |       |       |     2 |    17 |       ||    19
       Javelin           |       |       |       |       |     2 |       ||     2
Invok: Berserk           |     1 |     2 |     1 |     6 |    15 |       ||    25
       Burn Spellbooks   |       |       |       |       |     1 |       ||     1
       Trog's Hand       |       |       |       |       |       |     1 ||     1
       Brothers in Arms  |       |       |       |       |       |     1 ||     1
Evoke: Wand              |       |       |       |       |     4 |       ||     4
  Use: Scroll            |     1 |       |    13 |     2 |    17 |     1 ||    34
       Potion            |     2 |       |    11 |     2 |     8 |     1 ||    24
 Stab: Distracted        |       |       |       |       |     1 |       ||     1
  Eat: Chunk             |     3 |     3 |    13 |    14 |    28 |     2 ||    63
       Ration            |       |     1 |     1 |     2 |     6 |     1 ||    11
Armor: Animal skin       |    14 |     5 |       |       |       |       ||    19
       Ring mail         |       |    22 |    19 |       |       |       ||    41
       Scale mail        |       |       |    59 |   216 |   507 |    62 ||   844
       Chain mail        |       |       |    23 |       |       |       ||    23
Dodge: Dodged            |    79 |    50 |   219 |   335 |   668 |    72 ||  1423
